 Dungeon Crawl Stone Soup version 0.29-a0-994-gc5c9f59d18 (webtiles) character file.

Game seed: 12366359617783153672

168 ytrimaz the Trooper (level 5, -1/43 HPs)
             Began as a Formicid Fighter on Aug 3, 2022.
             Was an Initiate of Okawaru.
             Slain by an orc
             ... wielding a +0 flail
              (3 damage)
             ... on level 4 of the Dungeon.
             The game lasted 00:04:00 (3911 turns).

ytrimaz the Trooper (Formicid Fighter)              Turns: 3911, Time: 00:04:00

Health: -1/43      AC:  6    Str: 23    XL:     5   Next: 78%
Magic:  5/5        EV:  9    Int:  7    God:    Okawaru [......]
Gold:   208        SH:  6    Dex: 13    Spells: 4/4 levels left

rFire   + . .      SeeInvis +   a - +1 flail
rCold   . . .      Faith    .   c - +1 buckler
rNeg    . . .      Spirit   .   b - +0 scale mail
rPois   .          Reflect  .   (helmet unavailable)
rElec   .          Harm     .   (no cloak)
rCorr   .          Rampage  .   (no gloves)
Will    .....                   (no boots)
Stlth   ..........              o - amulet of Bios {rF+ Regen+}
HPRegen 0.94/turn               e - ring of flight
MPRegen 0.09/turn               (no ring)

@: mighty, flying
A: permanent stasis, dig shafts and tunnels, antennae 3, four strong arms
a: Dig, Shaft Self, Renounce Religion


You were on level 4 of the Dungeon.
You worshipped Okawaru.
Okawaru was noncommittal.
You visited 2 branches of the dungeon, and saw 5 of its levels.

You collected 208 gold pieces.

Inventory:

Hand Weapons
 a - a +1 flail (weapon)
Armour
 b - a +0 scale mail (worn)
 c - a +1 buckler (worn)
Jewellery
 e - a ring of flight (left hand)
 o - the amulet of Bios (around neck) {rF+ Regen+}
   (You found it on level 3 of the Dungeon)

   [amulet of regeneration]

   rF:        It protects you from fire.
   Regen:     It increases your rate of health regeneration.
Wands
 m - a wand of charming (3)
Scrolls
 g - a scroll of identify
 k - a scroll of enchant weapon
 n - a scroll of fear
Potions
 f - a potion of lignification
 h - 2 potions of attraction
 j - a potion of degeneration {unknown}
 l - a potion of brilliance {unknown}
 p - a potion of magic {unknown}


   Skills:
 + Level 4.6 Fighting
 + Level 4.6 Maces & Flails
 - Level 3.2 Armour
 - Level 4.0 Shields


You had 4 spell levels left.
You didn't know any spells.
Your spell library contained the following spells:

 Spells                   Type           Power      Damage    Failure   Level
 Gell's Gravitas          Tloc           0%         N/A       99%         3
 Ignite Poison            Fire/Tmut/Pois 0%         N/A       99%         3
 Lesser Beckoning         Tloc           0%         N/A       99%         3
 Mephitic Cloud           Conj/Pois/Air  0%         N/A       99%         3
 Teleport Other           Tloc           0%         N/A       99%         3
 Freezing Cloud           Conj/Ice/Air   0%         6-21      100%        5
 Summon Small Mammal      Summ           Unusable   N/A       N/A         1
 Call Canine Familiar     Summ           Unusable   N/A       N/A         3
 Summon Guardian Golem    Hex/Summ       Unusable   N/A       N/A         3

Dungeon Overview and Level Annotations

Branches:
Dungeon (4/15)             Temple (1/1) D:4

Altars:
Ashenzari
Cheibriados
Dithmenos
Elyvilon
Fedhas
Gozag
Hepliaklqana
Kikubaaqudgha
Makhleb
Nemelex Xobeh
Okawaru
Ru
Sif Muna
Uskayaw
Vehumet
Wu Jian
Xom
Yredelemnul
Zin
The Shining One


Innate Abilities, Weirdness & Mutations

You cannot be hasted, slowed, berserked, paralysed or teleported.
You can dig through walls and to a lower floor.
You have a pair of large antennae on your head. (SInv)
Your four strong arms can wield two-handed weapons with a shield.


Message History

You block the orc wizard's attack. You block the orc's attack.
You completely miss the orc. You block the orc wizard's attack.
The orc closely misses you.
You closely miss the orc wizard.
The orc wizard is almost dead.
The orc wizard casts a spell at you. The magic dart hits you!
You block the orc's attack.
You hit the orc wizard.
You kill the orc wizard!
Okawaru accepts your kill.
The orc priest mumbles some strange prayers to Beogh against you.
Beogh smites you!
* * * LOW HITPOINT WARNING * * *
The orc hits you with a +0 flail.
* * * LOW HITPOINT WARNING * * *
Unknown command.
You feel better. The orc hits you but does no damage.
The orc hits you with a +0 flail.
* * * LOW HITPOINT WARNING * * *
You feel better. The orc hits you with a +0 mace.
The orc hits you with a +0 flail.
You feel very mighty all of a sudden. The orc hits you with a +0 mace.
The orc misses you.
Unknown command.
You sock the orc!
You kill the orc!
Okawaru accepts your kill. The orc completely misses you.
You hit the orc but do no damage. You block the orc priest's attack.
The orc hits you but does no damage. The orc priest hits you with a +0 club.
The orc hits you with a +0 flail!
* * * LOW HITPOINT WARNING * * *
You bludgeon the orc priest!!
You kill the orc priest!
Okawaru accepts your kill. The orc hits you with a +0 flail!
* * * LOW HITPOINT WARNING * * *
Unknown command.
The orc hits you with a +0 flail.
You die...

#...............#...#.......
#######.....######..'.......
#########..##..#.......
#......#...##..#....###
#......#...#...#....#
#.....+...#...+....#
#.....#...#...#....#
#.....##..#...#....#
#####@##..'...#....#
+....o....##### #.........#
##+#####..# #..# ...# ....#
##..# #..#


You could see an orc.

Vanquished Creatures
  An orc priest (D:4)
  Terence (D:2)
  An orc wizard (D:4)
  3 adders
  2 worms (D:4)
  A dart slug (D:2)
  3 orcs
  4 ball pythons
  2 endoplasms (D:1)
  4 giant cockroaches
  5 goblins
  7 hobgoblins
  4 jackals (D:3)
  5 kobolds
  A quokka (D:1)
  3 bats
  5 frilled lizards
  2 rats (D:1)
54 creatures vanquished.

Vanquished Creatures (others)
  A plant (D:1)
1 creature vanquished.

Grand Total: 55 creatures vanquished

Notes
Turn   | Place    | Note
-------+----------+-------------------------------------------
     0 | D:1      | ytrimaz the Formicid Fighter began the quest for the Orb.
     0 | D:1      | Reached XP level 1. HP: 18/18 MP: 1/1
   117 | D:1      | Reached XP level 2. HP: 25/25 MP: 2/2
  1071 | D:2      | Reached XP level 3. HP: 30/30 MP: 3/3
  1440 | D:2      | Noticed Terence
  1450 | D:2      | Killed Terence
  1451 | D:2      | Reached XP level 4. HP: 17/37 MP: 4/4
  1695 | D:2      | Found a faded altar of an unknown god.
  1895 | D:2      | Found a glowing golden altar of the Shining One.
  2665 | D:3      | Reached XP level 5. HP: 27/43 MP: 5/5
  3073 | D:3      | Identified the amulet of Bios {rF+ Regen+}
  3326 | D:4      | Found a staircase to the Ecumenical Temple.
  3344 | Temple   | Entered the Ecumenical Temple
  3769 | Temple   | Became a worshipper of Warmaster Okawaru
  3910 | D:4      | HP: 1/43 [orc/+0 flail (7)]
  3911 | D:4      | Slain by an orc

Illustrated notes

Levels and vault maps discovered:
D:1:      dpeg_arrival_tiny_j, layout_loops_ring, serial_bayou,
          serial_bayou_pond_c, serial_bayou_shore_b, serial_bayou_shore_a,
          serial_bayou_pond_c
D:2:      layout_basic, basic_altar, ebering_ecumenical_altar_abandoned,
          uniq_terence
D:3:      layout_loops_ring, minmay_misc_feat_doors, kennysheep_flooded_box,
          grunt_decor_fettered
D:4:      layout_gridville, minmay_temple_entry_offerings
Temple:   mainiacjoe_temple_big_plus

Skill      XL: |  1  2  3  4  5 |
---------------+----------------+-----
Fighting       | 4 |  4.6
Maces & Flails | 3 4 |  4.6
Armour         | |  3.2
Shields        | |  4.0

Action                   |  1- 3 |  4- 6 || total
-------------------------+-------+-------++-------
Melee: Flail             |    70 |    85 ||   155
 Abil: Dig               |     1 |       ||     1
  Use: Scroll            |     3 |    10 ||    13
       Potion            |       |     3 ||     3
Armor: Scale mail        |    25 |    35 ||    60
Dodge: Dodged            |    36 |    38 ||    74
Block: Buckler           |    20 |    21 ||    41

Table legend: (Time is in decaauts)
 A = Elapsed time spent in this place.
 B = Non-inter-level travel time spent in this place.
 C = Inter-level travel time spent in this place.
 D = Time resting spent in this place.
 E = Time spent auto-exploring this place.
 F = Levels seen in this place.
 G = Mean time per level.
                   A        B        C        D        E       F      G
               +--------+--------+--------+--------+--------+-----+--------+
         Total |   3988 |   3822 |    166 |    200 |   3086 |   5 |  797.6 |
       Dungeon |   3541 |   3431 |    110 |    200 |   2703 |   4 |  885.2 |
        Temple |    447 |    391 |     56 |      0 |    383 |   1 |  447.0 |
               +--------+--------+--------+--------+--------+-----+--------+

Top non-repeatable levels by time:
     D:2: 1382 daAuts
     D:1: 1116 daAuts
     D:3: 842 daAuts
  Temple: 447 daAuts
     D:4: 200 daAuts
